 Dungeon Crawl Stone Soup version 0.31-a0-692-gf03d1854d5 (webtiles) character file.

Game seed: 2684520796921049336

185 qw the Shooter (level 5, -2/33 HPs)
             Began as a Gargoyle Hunter on Sept 6, 2023.
             Slain by Grinder (5 damage)
             ... on level 3 of the Dungeon.
             The game lasted 00:00:56 (1771 turns).

qw the Shooter (Gargoyle Hunter)                    Turns: 1771, Time: 00:00:57

Health: -2/33      AC:  9    Str: 15    XL:     5   Next: 64%
Magic:  5/5        EV: 11    Int:  9    God:
Gold:   176        SH:  0    Dex: 15    Spells: 4/4 levels left

rFire   . . .        Y - +1 shortbow
rCold   . . .        (shield currently unavailable)
rNeg    + . .        l - +0 ring mail
rPois   inf          (no helmet)
rElec   +            (no cloak)
rCorr   .            (no gloves)
SInv    .            (no boots)
Will    .....        i - amulet of the acrobat
Stlth   +            (no ring)
HPRegen 0.25/turn    (no ring)
MPRegen 0.09/turn

%: acrobat
@: no status effects
A: sickness immunity, AC +4, negative energy resistance 1, electricity
resistance, torment resistance 1, petrification resistance
a: no special abilities


You were on level 3 of the Dungeon.
You visited 1 branch of the dungeon, and saw 3 of its levels.

You collected 176 gold pieces.


Innate Abilities, Weirdness & Mutations

You are immune to sickness and miasma.
Your stone body is resilient. (AC +4)
You are immune to poison.
You resist negative energy. (rN+)
You are resistant to electric shocks. (rElec)
You are resistant to unholy torment.
You are immune to petrification.


   Skills:
 - Level 4.1 Fighting
 + Level 5.5 Ranged Weapons
 - Level 1.6 Armour
 - Level 1.5 Dodging
 - Level 1.1 Stealth


You had 4 spell levels left.
You didn't know any spells.
Your spell library was empty.

Inventory:

Hand Weapons
 Y - a +1 shortbow (weapon)
Armour
 l - a +0 ring mail (worn)
Jewellery
 i - an amulet of the acrobat (around neck)
Scrolls
 d - a scroll of identify
Potions
 b - a potion of curing {unknown}
 f - a potion of invisibility {unknown}
 g - a potion of lignification {unknown}
 j - a potion of might

Dungeon Overview and Level Annotations

Branches:
Dungeon (3/15)

Altars:

Annotations:
D:3 Grinder


Message History

There is a stone staircase leading up here.
Grinder is nearby!
You shoot an arrow. The arrow hits Grinder.
Grinder is heavily wounded.
Grinder blinks!
You shoot an arrow. The arrow barely misses Grinder.
You shoot an arrow.
The arrow hits Grinder but does no damage.
Grinder is heavily wounded.
Grinder gestures at you.
You suddenly lose the ability to move!
You can move again.
You shoot an arrow. The arrow closely misses Grinder.
Grinder hits you!
You writhe in agony.
You shoot an arrow. The arrow completely misses Grinder.
Grinder closely misses you. x2
You shoot an arrow. The arrow hits Grinder!
Grinder is severely wounded.
Grinder barely misses you.
You shoot an arrow. The arrow hits Grinder.
Grinder is severely wounded.
Grinder hits you!
You shoot an arrow. The arrow hits Grinder.
Grinder is almost dead.
Grinder gestures at you.
You suddenly lose the ability to move!
Grinder hits you!
You writhe in agony.
Grinder hits you but does no damage. Grinder hits you but does no damage.
Grinder hits you.
You can move again.
You shoot an arrow. The arrow hits Grinder.
Grinder is almost dead.
Grinder closely misses you.
You shoot an arrow. The arrow hits Grinder.
Grinder is almost dead.
Grinder gestures at you. Pain shoots through your body! Grinder hits you.
You die...
Grinder says, "Now the real fun starts!"

..... ....#.5... .....
......#... ...... ..#....#
......# ))...... .......###
##....#.# ##
.......<.########)))....# #).
......##....##...).$#...#....
..... ####.#....))))...#....
###. #.@5.........##.... #
##.................
#......$...#......
####..........#......
#.............#......
#%##.................
...##.).......#######.
.....)...........######.
.......#.................


You could see Grinder.

Vanquished Creatures
  A scorpion (D:3)
  Robin (D:3)
  4 adders (D:2)
  A worm (D:2)
  2 dart slugs (D:3)
  10 orcs (D:3)
  2 bats
  5 endoplasms
  13 goblins
  A hobgoblin (D:1)
  9 kobolds
  5 quokkas
  A ball python (D:2)
  2 frilled lizards (D:2)
  3 rats
60 creatures vanquished.

Notes
Turn   | Place    | Note
-------+----------+-------------------------------------------
     0 | D:1      | qw the Gargoyle Hunter began the quest for the Orb.
     0 | D:1      | Reached XP level 1. HP: 12/12 MP: 1/1
     0 | D:1      | 0 ||| qw: Version: 0.3-a-76-g4403597
     0 | D:1      | 0 ||| qw: Game counter: 138
     0 | D:1      | 0 ||| qw: Melee chars always use a shield: true
     0 | D:1      | 0 ||| qw: God list: Okawaru
     0 | D:1      | 0 ||| qw: Allow faded altars: false
     0 | D:1      | 0 ||| qw: Do Orc after clearing Dungeon:15 true
     0 | D:1      | 0 ||| qw: Do second Lair branch before Depths: true
     0 | D:1      | 0 ||| qw: Lair rune preference: random
     0 | D:1      | 0 ||| qw: Goals: Normal
     0 | D:1      | 0 ||| PLANNING D:1-11
   214 | D:1      | Reached XP level 2. HP: 17/17 MP: 2/2
   596 | D:1      | 596 ||| UPGRADING to +0 ring mail.
   606 | D:1      | 606 ||| DROPPING +0 leather armour.
   607 | D:1      | 607 ||| UPGRADING to amulet of the acrobat.
   612 | D:1      | 612 ||| READING scroll labelled VIAMAS WA QUED.
   613 | D:1      | 613 ||| READING scroll labelled EFFEOL TEMP.
   614 | D:1      | 614 ||| READING scroll labelled BOSARE RIYREFRAM.
   615 | D:1      | 615 ||| READING scroll labelled ISTRUO MUKUQI.
   616 | D:1      | 616 ||| READING scroll labelled HAR WUREUD.
   617 | D:1      | 617 ||| DRINKING 4 amethyst potions.
   618 | D:1      | 618 ||| DROPPING scroll of butterflies.
   666 | D:2      | Found a faded altar of an unknown god.
   668 | D:2      | 668 ||| STAIRDANCE
   681 | D:2      | 681 ||| STAIRDANCE
   733 | D:2      | Reached skill level 1 in Armour
   733 | D:2      | Reached XP level 3. HP: 21/21 MP: 3/3
   906 | D:2      | Reached skill level 5 in Ranged Weapons
   922 | D:2      | Reached XP level 4. HP: 26/27 MP: 4/4
  1066 | D:2      | 1066 ||| READING scroll labelled YDUDIMY KOISMI.
  1167 | D:2      | 1167 ||| READING scroll labelled OLUNY TYVILAXUCK.
  1168 | D:2      | 1168 ||| DRINKING 2 sapphire potions.
  1169 | D:2      | 1169 ||| READING 2 scrolls of identify.
  1169 | D:2      | 1169 ||| IDENTIFYING silvery potion
  1170 | D:2      | 1170 ||| DROPPING potion of brilliance.
  1257 | D:3      | 1257 ||| Stepping ~*~*~tactically~*~*~ (outnumbered).
  1260 | D:3      | Noticed a scorpion
  1274 | D:3      | Killed a scorpion
  1275 | D:3      | Reached XP level 5. HP: 26/33 MP: 5/5
  1372 | D:3      | 1372 ||| Stepping ~*~*~tactically~*~*~ (outnumbered).
  1428 | D:3      | Noticed Robin
  1437 | D:3      | HP: 5/33 [goblin/+0 club[Robin] (6)]
  1438 | D:3      | 1438 ||| DRINKING 4 potions of heal wounds.
  1441 | D:3      | Killed Robin
  1442 | D:3      | HP: 6/33 [goblin/+0 club[Robin] (6)]
  1443 | D:3      | 1443 ||| DRINKING 3 potions of heal wounds.
  1450 | D:3      | HP: 3/33 [goblin/+0 club[Robin] (6)]
  1451 | D:3      | 1451 ||| DRINKING 2 potions of heal wounds.
  1454 | D:3      | Noticed Grinder
  1531 | D:3      | Paralysed by Grinder for 3 turns
  1548 | D:3      | 1548 ||| FLEEEEING.
  1549 | D:3      | 1549 ||| FLEEEEING.
  1551 | D:3      | 1551 ||| FLEEEEING.
  1560 | D:3      | Paralysed by Grinder for 2 turns
  1565 | D:3      | Paralysed by Grinder for 5 turns
  1570 | D:3      | 1570 ||| FLEEEEING.
  1572 | D:3      | 1572 ||| STAIRDANCE
  1629 | D:2      | 1629 ||| READING scroll labelled LEGUGE WE CULOTZ.
  1641 | D:3      | Paralysed by Grinder for 5 turns
  1645 | D:3      | HP: 4/33 [Grinder (8)]
  1646 | D:3      | 1646 ||| DRINKING potion of heal wounds.
  1648 | D:3      | Paralysed by Grinder for 5 turns
  1650 | D:3      | HP: 8/33 [Grinder (1)]
  1653 | D:3      | 1653 ||| FLEEEEING.
  1655 | D:3      | 1655 ||| STAIRDANCE
  1759 | D:3      | Paralysed by Grinder for 2 turns
  1765 | D:3      | Paralysed by Grinder for 5 turns
  1766 | D:3      | HP: 8/33 [Grinder (2)]
  1771 | D:3      | HP: 3/33 [Grinder/nerve-wracking pain (4)]
  1771 | D:3      | Slain by Grinder

Levels and vault maps discovered:
D:1:      dpeg_arrival_rhombi, layout_basic, dk_noncrumbling_3
D:2:      layout_rooms, ebering_ecumenical_altar_hall
D:3:      layout_rooms, uniq_robin, uniq_grinder

Skill      XL: |  1  2  3  4 |
---------------+-------------+-----
Armour         | 1 |  1.6
Ranged Weapons | 5 |  5.5
Fighting       | 4 |  4.1
Dodging        | |  1.5
Stealth        | |  1.1

Action                     |  1- 3 |  4- 6 || total
---------------------------+-------+-------++-------
   Fire: Shortbow          |    76 |   138 ||   214
    Use: Scroll            |     5 |     4 ||     9
         Potion            |     1 |     5 ||     6
 Armour: Ring mail         |    19 |   121 ||   140
  Dodge: Dodged            |    14 |    90 ||   104

Table legend:
 A = Non-vault XP
 B = Vault XP
 C = Vault XP percentage of total XP
 D = Non-vault monster count
 E = Vault monster count
 F = Vault count percentage of total count
                 A         B        C        D         E       F
            +---------+---------+-------+---------+---------+-------
      Total |     230 |      35 |  13.2 |      49 |      11 |  18.3
            +---------+---------+-------+---------+---------+-------
        D:1 |      18 |       0 |   0.0 |      10 |       0 |   0.0
        D:2 |      77 |       0 |   0.0 |      17 |       0 |   0.0
        D:3 |     135 |      35 |  20.6 |      22 |      11 |  33.3
            +---------+---------+-------+---------+---------+-------
